AoeStats
← LittleChaosed

Arena

508911957Analyzed
3v3 RM · 6d ago on Sep 24, 2026· 41m 10s· 6 players
Game mode
Random Map
Map size
Normal (6 player)
Population
200
Speed
Normal
Resources
Standard
Victory
Conquest
Starting age
Dark Age
Ending age
Imperial Age
RankedLock teamsTeams togetherTeam positionsShared explorationLock speedFull tech treeHidden civsTurbo modeCheats
Victory
Defeat
🇬🇧 Shu · United Kingdom
866
+12
🇬🇧 Ethiopians · United Kingdom
859
+13
🇬🇧 Persians · United Kingdom
842
+13
🇺🇸 Danes · United States
817
-14
🇨🇴 Burgundians · Colombia
770
-12
🇩🇪 Vietnamese · Germany
765
-12
LittleChaosed
11:05 Feudal Age
10:19 Loom
11:04 Loom
11:34 Double-Bit Axe
13:22 Town Watch
14:54 Horse Collar
19:27 Castle Age
19:10 Wheelbarrow
18:20 Town Watch
18:34 Fletching
19:45 Crossbowman
21:50 Bow Saw
22:21 Forging
22:12 Padded Archer Armor
22:13 Scale Mail Armor
24:06 Heavy Plow
25:15 Gold Mining
25:44 Bodkin Arrow
28:14 Squires
29:47 Iron Casting
30:33 Ballistics
30:08 Murder Holes
32:05 Thumb Ring
32:07 Husbandry
36:00 Imperial Age
33:53 Leather Archer Armor
33:46 Elite Skirmisher
35:00 Bloodlines
35:51 Fortified Wall
38:01 Two-Man Saw
36:49 Arbalester
39:14 Cavalier
KripticWaffle
6:04 Loom
13:03 Feudal Age
17:32 Castle Age
15:20 Double-Bit Axe
16:16 Horse Collar
18:55 Bow Saw
19:22 Wheelbarrow
21:14 Hand Cart
24:37 Stone Mining
24:38 Gold Mining
27:28 Fletching
28:57 Forging
28:47 Scale Mail Armor
28:43 Bodkin Arrow
32:44 Gold Shaft Mining
34:27 Arson
38:16 Imperial Age
36:07 Pikeman
37:06 Chain Mail Armor
37:27 Iron Casting
39:05 Onager
40:08 Conscription
CaminanteH
13:04 Feudal Age
11:43 Double-Bit Axe
11:40 Horse Collar
14:07 Wheelbarrow
13:56 Bow Saw
13:48 Heavy Plow
19:43 Castle Age
18:46 Hand Cart
JorgeLuddSaysNo
0:27 Loom
12:51 Feudal Age
13:34 Double-Bit Axe
13:43 Stone Mining
13:46 Gold Mining
17:38 Castle Age
19:54 Loom
28:06 Town Watch
30:19 Forging
31:53 Wheelbarrow
34:46 Padded Archer Armor
34:49 Scale Mail Armor
35:34 Arson
35:50 Squires
39:23 Hand Cart
40:59 Horse Collar
Attila the John
12:38 Feudal Age
16:13 Castle Age
14:00 Double-Bit Axe
15:24 Horse Collar
16:40 Loom
17:51 Wheelbarrow
17:27 Bow Saw
17:45 Heavy Plow
24:04 Fletching
24:14 Padded Archer Armor
24:15 Crossbowman
25:27 Bodkin Arrow
26:08 Thumb Ring
26:20 Leather Archer Armor
27:44 Hand Cart
31:33 Imperial Age
30:13 Scale Mail Armor
30:23 Forging
30:14 Coiled Serpent Array
31:31 Gold Mining
31:33 Stone Mining
32:06 Chain Mail Armor
32:17 Ballistics
32:16 Bolt Magazine
32:21 Bracer
31:42 Arbalester
33:57 Plate Mail Armor
33:53 Squires
33:40 Arson
34:33 Gold Shaft Mining
35:33 Chemistry
37:40 Ring Archer Armor
37:39 Elite White Feather Guard
38:40 Conscription
41:21 Two-Man Saw
GenghisDoug
13:37 Feudal Age
14:34 Double-Bit Axe
14:31 Horse Collar
16:39 Gold Mining
16:40 Stone Mining
16:47 Stone Mining
20:53 Castle Age
22:33 Gold Shaft Mining
22:35 Stone Shaft Mining
22:13 Bow Saw
22:11 Heavy Plow
28:08 Forging
28:06 Scale Barding Armor
28:39 Bloodlines
30:46 Iron Casting
32:07 Chain Barding Armor
Connection lost

Rejoining the realm…

Still unreachable

The connection could not be restored.

Session expired

The server has moved on; the page needs a fresh start.